 Dungeon Crawl Stone Soup version 0.30-a0-743-gbfdf073 (webtiles) character file.

Game seed: 7403303126102326195

831 Illumine the Magician (level 7, -1/41 HPs)
             Began as a Deep Elf Fire Elementalist on Feb 9, 2023.
             Was an Initiate of Gozag.
             Slain by a jelly (3 damage)
             ... on level 5 of the Dungeon.
             The game lasted 00:07:32 (4132 turns).

Illumine the Magician (Deep Elf Fire Elementalist)  Turns: 4132, Time: 00:07:32

Health: -1/41      AC: -4    Str:  5    XL:     7   Next: 65%
Magic:  6/17       EV: 13    Int: 22    God:    Gozag
Gold:   226        SH:  0    Dex: 15    Spells: 10/16 levels left

rFire   . . .      SeeInvis .    (no weapon)
rCold   . . .      Faith    .    l - orb {light}
rNeg    . . .      Spirit   .    a - +0 robe
rPois   .          Reflect  .    (no helmet)
rElec   .          Harm     .    s - +1 cloak
rCorr   .          Rampage  .    (no gloves)
Will    .....                    (no boots)
Stlth   +                        (no amulet)
HPRegen 0.26/turn                (no ring)
MPRegen 0.15/turn                (no ring)

@: corroded, glowing
A: no striking features
a: Renounce Religion, Potion Petition, Call Merchant, Bribe Branch


You were on level 5 of the Dungeon.
You worshipped Gozag.
Gozag was aware of your devotion.
You visited 2 branches of the dungeon, and saw 6 of its levels.

You collected 287 gold pieces.
You spent 10 gold pieces at shops.
You paid 51 gold pieces to Gozag.

Inventory:

Hand Weapons
 u - a +4 dagger of electrocution
Armour
 a - a +0 robe (worn)
 l - an orb of light (worn)
 s - a +1 cloak (worn)
Jewellery
 h - a ring of protection from cold
 n - an amulet of faith
Wands
 d - a wand of polymorph (10)
 o - a wand of flame (21)
Scrolls
 e - a scroll of vulnerability {unknown}
 f - a scroll of identify {unknown}
 j - a scroll of enchant weapon
 q - 2 scrolls of blinking {unknown}
 r - a scroll of fog {unknown}
Potions
 b - a potion of magic
 c - 2 potions of brilliance {unknown}
 g - a potion of invisibility {unknown}
 i - a potion of resistance {unknown}
 k - a potion of attraction {unknown}
 p - a potion of curing {unknown}
 t - a potion of might {unknown}


   Skills:
 + Level 3.0 Fighting
 + Level 3.7 Dodging
 - Level 2.4 Stealth
 + Level 5.4 Spellcasting
 + Level 3.9 Conjurations
 + Level 3.0 Translocations
 + Level 5.1 Fire Magic
 - Level 2.0 Air Magic


You had 10 spell levels left.
You knew the following spells:

 Your Spells              Type           Power      Damage    Failure   Level
a - Foxfire               Conj/Fire      100%       2x1d9     1%          1
b - Scorch                Fire           56%        2d7       1%          2
c - Kindle Blastsparks    Fire/Tloc/Air  40%        2d13      7%          3

Your spell library contained the following spells:

 Spells                   Type           Power      Damage    Failure   Level
 Inner Flame              Hex/Fire       17%        N/A       10%         3
 Flame Wave               Conj/Fire      25%        2d8       16%         4


Dungeon Overview and Level Annotations

Branches:
Dungeon (5/15)             Temple (1/1) D:4

Altars:
Ashenzari
Dithmenos
Fedhas
Gozag
Kikubaaqudgha
Nemelex Xobeh
Okawaru
Qazlal
Sif Muna
Vehumet
Wu Jian
Yredelemnul
Zin

Shops:
D:1 [   D:4 *:(

Annotations:
D:4 Duvessa


Message History

You see here a +0 quarterstaff.
Found a scroll labelled AJISO XAUPSETO.
An iguana comes into view.
You see here a ring of protection from cold.
h - a ring of protection from cold You hear a slurping noise.
The jelly eats the door!
A jelly comes into view.
Found a short sword.
A scorpion comes into view.
The jelly barely misses you.
The scorpion moves out of view.
The jelly attacks as you move away! The jelly barely misses you.
The water moccasin hisses angrily.
The jelly attacks as you move away! The jelly hits you. The acid corrodes you!
You are splashed with acid!
The water moccasin bites you!
Casting: Scorch (safe; 1% risk of failure)
Confirm with . or Enter, or press ? or * to list all spells.
Flames lash the jelly.
The jelly is moderately wounded.
The jelly's fire resistance burns away.
The water moccasin bites you. The water moccasin bites you!
* * * LOW HITPOINT WARNING * * *
The jelly hits you.
* * * LOW HITPOINT WARNING * * *
The acid corrodes you!
You are splashed with acid!
* * * LOW HITPOINT WARNING * * *
Unknown command.
Okay, then.
Okay, then.
Casting: Scorch (safe; 1% risk of failure)
Confirm with . or Enter, or press ? or * to list all spells.
Okay, then.
Okay, then.
Okay, then.
As you read the scroll labelled AGRUHOU UTOZXE, it crumbles to dust.
It is a scroll of enchant weapon.
Your +3 dagger of electrocution glows red for a moment.
The water moccasin closely misses you. The jelly hits you.
You die...
Your body crumbles into a pile of gold.

................##...
......).............[.#
......###.............#
......##........##....#
.......##.......##...##
.....####.##...##.....##
..>.##.#.......###.....#
.......##........$.....#
.......##.##....@S.....#
##.....##.....#$#J.#.###
####..##....##$##.#.#
##....#.....#.) #.l.##
#.......##.#### ##...#
##.##...##. )...s#.#.#
#...#####..#.........#
##...# ########..#
....## #..#


You could see a water moccasin, an iguana and a jelly (combustible).

Vanquished Creatures
  Sigmund (D:4)
  3 phantoms
  Dowan (D:4)
  A howler monkey (D:5)
  3 hounds
  2 orc priests
  Jessica (D:3)
  A scorpion zombie (D:4)
  7 adders
  An adder skeleton (D:4)
  5 worms
  A dart slug (D:3)
  11 orcs
  8 ball pythons
  3 endoplasms
  A giant cockroach (D:2)
  8 goblins
  7 hobgoblins
  4 jackals (D:4)
  3 kobolds
  7 quokkas
  5 bats
  A frilled lizard (D:3)
  7 rats
92 creatures vanquished.

Vanquished Creatures (others)
  188 foxfires
  3 withered plants (D:4)
191 creatures vanquished.

Grand Total: 283 creatures vanquished

Notes
Turn   | Place    | Note
-------+----------+-------------------------------------------
     0 | D:1      | Illumine the Deep Elf Fire Elementalist began the quest for
                  | the Orb.
     0 | D:1      | Reached XP level 1. HP: 10/10 MP: 6/6
    55 | D:1      | Found Geriw's Antique Armour Shop.
   298 | D:1      | Reached XP level 2. HP: 16/16 MP: 5/8
   829 | D:2      | Learned a level 2 spell: Scorch
   915 | D:2      | Reached XP level 3. HP: 20/20 MP: 5/10
   924 | D:2      | Reached skill level 1 in Fighting
  1071 | D:2      | Found a faded altar of an unknown god.
  1552 | D:2      | Learned a level 3 spell: Kindle Blastsparks
  1993 | D:3      | Reached XP level 4. HP: 25/25 MP: 8/11
  2463 | D:3      | Noticed Jessica
  2471 | D:3      | Killed Jessica
  2472 | D:3      | Reached skill level 1 in Translocations
  2472 | D:3      | Reached skill level 1 in Air Magic
  2490 | D:3      | Found an iron altar of Okawaru.
  2666 | D:4      | Reached XP level 5. HP: 29/29 MP: 10/13
  2760 | D:4      | Found Cuesa's Weapon Emporium.
  2850 | D:4      | Found Alyez's Book Emporium.
  2850 | D:4      | Noticed Sigmund
  3170 | D:4      | Reached XP level 6. HP: 35/35 MP: 5/14
  3238 | D:4      | Found a staircase to the Ecumenical Temple.
  3248 | D:4      | Killed Sigmund
  3256 | Temple   | Entered the Ecumenical Temple
  3311 | Temple   | Became a worshipper of Gozag Ym Sagoz the Greedy
  3454 | D:4      | Found Ageamyuc's General Store.
  3466 | D:4      | Bought a potion of degeneration for 10 gold pieces
  3468 | D:4      | Noticed Dowan
  3469 | D:4      | Noticed Duvessa
  3475 | D:4      | Killed Dowan
  3632 | D:4      | Reached skill level 5 in Spellcasting
  3632 | D:4      | Reached XP level 7. HP: 40/40 MP: 11/16
  3788 | D:5      | Entered Level 5 of the Dungeon
  3881 | D:5      | Reached skill level 5 in Fire Magic
  4131 | D:5      | HP: 1/41 [acid (7)]
  4132 | D:5      | Slain by a jelly

Illustrated notes

Levels and vault maps discovered:
D:1:      dpeg_arrival_leaves_temple_mockup, layout_loops_ring, serial_shops,
          shop
D:2:      layout_rooms, nicolae_ecumenical_lake_church, nicolae_wormholes
D:3:      minmay_inner_zag, layout_basic, old_standard_altar,
          kennysheep_cross_room, uniq_jessica
D:4:      layout_rooms, minmay_temple_entry_proselytizer, serial_undead,
          serial_undead_d, serial_undead_f, serial_undead_b, serial_undead_c,
          serial_shops, kennysheep_mini, shop, shop, shop, shop,
          nicolae_eternal_life, saegor_snake_ambush, uniq_duvessa, uniq_pikel,
          uniq_sigmund
D:5:      layout_cave_pools, ebering_ghost_rock_garden,
          nicolae_shop_i_like_big_books, kb_lookout_dungeons_type,
          minmay_divided_ellipse
Temple:   nicolae_temple_x_marks_the_god

Skill      XL: |  1  2  3  4  5  6  7 |
---------------+----------------------+-----
Fighting       | 1 2 3 |  3.0
Conjurations   | 2 3 |  3.9
Spellcasting   | 4 5 |  5.4
Translocations | 1 2 3 |  3.0
Fire Magic     | 4 5 |  5.1
Air Magic      | 1 2 |  2.0
Dodging        | 3 |  3.7
Stealth        | |  2.4

Action                     |  1- 3 |  4- 6 |  7- 9 || total
---------------------------+-------+-------+-------++-------
   Cast: Foxfire           |    54 |    52 |    11 ||   117
         Scorch            |     1 |    31 |    22 ||    54
         Kindle Blastspark |       |     1 |       ||     1
  Evoke: Wand              |       |     1 |       ||     1
    Use: Scroll            |       |       |     1 ||     1
 Armour: Robe              |     1 |     4 |     1 ||     6
  Dodge: Dodged            |       |    24 |    10 ||    34

Table legend: (Time is in decaauts)
 A = Elapsed time spent in this place.
 B = Non-inter-level travel time spent in this place.
 C = Inter-level travel time spent in this place.
 D = Time resting spent in this place.
 E = Time spent auto-exploring this place.
 F = Levels seen in this place.
 G = Mean time per level.
                   A        B        C        D        E       F      G
               +--------+--------+--------+--------+--------+-----+--------+
         Total |   4165 |   4042 |    123 |    715 |   2564 |   6 |  694.2 |
       Dungeon |   4103 |   3980 |    123 |    715 |   2564 |   5 |  820.6 |
        Temple |     61 |     61 |      0 |      0 |      0 |   1 |   61.0 |
               +--------+--------+--------+--------+--------+-----+--------+

Top non-repeatable levels by time:
     D:3: 1369 daAuts
     D:4: 827 daAuts
     D:1: 787 daAuts
     D:2: 776 daAuts
     D:5: 343 daAuts
  Temple: 61 daAuts
